 Dungeon Crawl Stone Soup version 0.30-a0-177-g1cb5dbfd7a (webtiles) character file.

Game seed: 15281921415377731955

14103 freelancePsychic the Carver (level 11, -3/104 HPs)
             Began as a Minotaur Conjurer on Oct 3, 2022.
             Was an Elder of Elyvilon.
             Slain by a slime creature (17 damage)
             ... on level 12 of the Dungeon.
             The game lasted 00:27:27 (12585 turns).

freelancePsychic the Carver (Minotaur Conjurer)    Turns: 12585, Time: 00:27:27

Health: -3/104     AC:  9    Str: 15    XL:     11   Next: 84%
Magic:  17/17      EV: 12    Int: 15    God:    Elyvilon [****..]
Gold:   755        SH:  7    Dex: 12    Spells: 9/12 levels left

rFire   + . .      SeeInvis .    a - +3 long sword (freeze)
rCold   + . .      Faith    .    X - +0 kite shield
rNeg    . . .      Spirit   .    r - +0 troll leather armour
rPois   .          Reflect  .    (helmet restricted)
rElec   .          Harm     .    (no cloak)
rCorr   +          Rampage  .    d - +2 pair of gloves
Will    .....                    s - +1 pair of boots of Thoughtfulness {Str+2}
Stlth   +.........               (no amulet)
HPRegen 1.17/turn                P - ring "Ugivo" {rC+ rCorr}
MPRegen 0.15/turn                v - ring of protection from fire

@: about to teleport
A: horns 2, retaliatory headbutt
a: Renounce Religion, Purification, Heal Other, Heal Self


You were on level 12 of the Dungeon.
You worshipped Elyvilon.
Elyvilon was greatly pleased with you.
You visited 2 branches of the dungeon, and saw 13 of its levels.

You collected 769 gold pieces.
You donated 14 gold pieces to Zin.

Inventory:

Hand Weapons
 a - a +3 long sword of freezing (weapon)
 b - the +4 short sword "Jieterph" {freeze, rElec rPois rCorr Str+4}
   (You found it on level 3 of the Dungeon)

   It freezes those it strikes, dealing additional cold damage.
   It can also slow down cold-blooded creatures.
   Str:       It affects your strength (+4).
   rElec:     It insulates you from electricity.
   rPois:     It protects you from poison.
   rCorr:     It protects you from acid and corrosion.
 c - a +0 whip
 l - a +0 great sword
Missiles
 L - 3 throwing nets
 N - 5 curare-tipped darts (quivered)
Armour
 d - a +2 pair of gloves (worn)
 r - a +0 troll leather armour (worn)
 s - the +1 pair of boots of Thoughtfulness (worn) {Str+2}
   (You found it on level 8 of the Dungeon)

   Str:       It affects your strength (+2).
 A - +0 steam dragon scales
 U - a +0 scale mail
 X - a +0 kite shield (worn)
Jewellery
 i - a ring of fire
 v - a ring of protection from fire (right hand)
 y - an amulet of magic regeneration
 F - a ring of magical power
 M - a ring of positive energy
 P - the ring "Ugivo" (left hand) {rC+ rCorr}
   (You found it on level 10 of the Dungeon)

   [ring of protection from cold]

   rC:        It protects you from cold.
   rCorr:     It protects you from acid and corrosion.
 T - a ring of flight
 W - a ring of protection from cold
Wands
 n - a wand of iceblast (7)
 B - a wand of mindburst (11)
 G - a wand of paralysis (2)
 O - a wand of acid (5)
 R - a wand of flame (13)
Scrolls
 f - 5 scrolls of teleportation {@r4}
 h - 3 scrolls of enchant armour
 j - 3 scrolls of vulnerability {unknown}
 q - 3 scrolls of amnesia
 t - a scroll of torment {unknown}
 u - 2 scrolls of magic mapping
 w - 3 scrolls of blinking {unknown}
 x - a scroll of fear {unknown}
 z - 2 scrolls of immolation
 C - 3 scrolls of poison {unknown}
 E - a scroll of enchant weapon {unknown}
 H - a scroll of summoning {unknown}
 J - a scroll of silence {unknown}
 K - 2 scrolls of identify {@r1}
 Q - a scroll of brand weapon {unknown}
 V - a scroll of butterflies {unknown}
Potions
 e - a potion of heal wounds {@q2}
 g - 6 potions of curing {@q1}
 k - 4 potions of attraction
 m - a potion of degeneration {unknown}
 o - a potion of brilliance
 p - a potion of magic
 D - 3 potions of might {unknown}
 I - 2 potions of haste {unknown}
 S - a potion of flight {unknown}


   Skills:
 + Level 12.0 Fighting
 - Level 14.0 Long Blades
 - Level 2.9 Armour
 + Level 7.0 Dodging
 - Level 1.5 Stealth
 + Level 0.8 Shields
 - Level 1.3 Spellcasting
 - Level 2.9 Conjurations
 - Level 9.3 Invocations


You had 9 spell levels left.
You knew the following spells:

 Your Spells              Type           Power      Damage    Failure   Level
a - Magic Dart            Conj           36%        1d4       30%         1
b - Searing Ray           Conj           18%        2d5       43%         2

Your spell library contained the following spells:

 Spells                   Type           Power      Damage    Failure   Level
 Freeze                   Ice            4%         1d3       71%         1
 Dazzling Flash           Conj/Hex       10%        N/A       86%         3
 Hailstorm                Conj/Ice       5%         3d4       86%         3
 Call Canine Familiar     Summ           1%         N/A       97%         3
 Frozen Ramparts          Ice            2%         1d1       97%         3
 Portal Projectile        Hex/Tloc       2%         N/A       97%         3
 Fulminant Prism          Conj/Hex       2%         3d6       99%         4
 Iskenderun's Mystic Bla  Conj/Tloc      5%         2d3       99%         4
 Ice Form                 Ice/Tmut       1%         N/A       100%        4
 Leda's Liquefaction      Hex/Erth       0%         N/A       100%        4
 Summon Ice Beast         Ice/Summ       1%         N/A       100%        4


Dungeon Overview and Level Annotations

Branches:
Dungeon (12/15)            Temple (1/1) D:4            Lair (0/5) D:9
    Orc: D:9-12

Altars:
Ashenzari
Cheibriados
Dithmenos
Elyvilon
Fedhas
Gozag
Hepliaklqana
Kikubaaqudgha
Makhleb
Nemelex Xobeh
Okawaru
Qazlal
Ru
Sif Muna
Trog
Uskayaw
Vehumet
Wu Jian
Xom
Yredelemnul
Zin
The Shining One
Lugonu

Annotations:
D:2 1 runed translucent door, Crazy Yiuf


Innate Abilities, Weirdness & Mutations

You have a pair of horns on your head.
You reflexively headbutt those who attack you in melee.


Message History

Okay, then.
A slime creature comes into view.
The slime creature quivers.
A slime creature merges with something you can't see.
The slime creature moves out of view.
Press: ? - help, Dir - move target, f - very large slime creature Heal: a very large slime creature (mindless)
As you read the scroll of teleportation {@r4}, it crumbles to dust.
You feel strangely unstable.
A slime creature comes into view.
A very large slime creature splits.
The orc zombie closely misses you. You furiously retaliate!
You headbutt the orc zombie.
You destroy the orc zombie!
The slime creature hits you!
The slime creature quivers.
You hit the slime creature but do no damage.
You headbutt the slime creature.
The slime creature is lightly wounded.
The large slime creature hits you!!
* * * LOW HITPOINT WARNING * * *
The large slime creature attacks as you move away!
The large slime creature hits you.
* * * LOW HITPOINT WARNING * * *
Your surroundings suddenly seem different.
A slime creature comes into view.
Found 10 gold pieces.
Found a stone staircase leading down.
The slime creature quivers.
Found a scroll labelled HOTUEF JAGE.
The howler monkey howls!
The slime creature quivers.
Found 4 large rocks.
The howler monkey hoots and howls with incredible vigour!
You hear a shout! x2; You hear a howl!
You hear a shout!
Okay, then.
As you read the scroll of teleportation {@r4}, it crumbles to dust.
You feel strangely unstable. The slime creature hits you.
* * * LOW HITPOINT WARNING * * *
The slime creature attacks as you move away!
The slime creature hits you!
You die...

.#.##.####..... ....>..
.#.......##....##..... #
#...............##.###
###................#.?.#
..##........h.....$...##
..#....................#
......................##
...#.........#.JJh....#.
..##............@........
####................#...(
#..................##...
#.............#....# ###
##.....#..$...###.##
#.####....... ## ##
#..... #....


You could see 2 slime creatures and 2 howler monkeys.

Vanquished Creatures
  Harold (D:10)
  3 two-headed ogres
  A cyclops (D:10)
  Maggie (D:6)
  2 unseen horrors (D:11)
  2 trolls
  2 hornets
  A slime creature (D:11)
  A shadow (D:11)
  3 wraiths
  11 yaks
  2 vampires
  Eustachio (D:6)
  A steam dragon (D:6)
  7 vampire mosquitoes
  Menkaure (D:6)
  Edmund (D:5)
  4 water moccasins
  5 acid dragons
  8 orc warriors
  An ice beast (D:6)
  A black bear (D:6)
  4 ogres
  2 centaurs
  4 phantoms
  2 kobold brigands
  2 bullfrogs
  A gnoll sergeant (D:9)
  4 scorpions
  15 wights
  A troll zombie (D:12)
  3 killer bees (D:9)
  An electric eel (D:6)
  5 howler monkeys
  4 crimson imps (D:10)
  2 hounds
  2 jellies
  2 orc priests
  4 iguanas
  An orc wizard (D:6)
  2 ogre zombies (D:12)
  13 gnolls
  6 adders
  A white imp (D:8)
  2 worms (D:2)
  2 dart slugs
  25 orcs
  7 ball pythons
  6 endoplasms
  A giant cockroach (D:3)
  8 goblins
  6 hobgoblins
  2 jackals (D:4)
  2 quokkas (D:5)
  7 bats
  4 frilled lizards
  A hobgoblin zombie (D:12)
  18 kobolds
  An orc skeleton (D:12)
  4 orc zombies (D:12)
  3 rats
  A spectral kobold (D:6)
  A spectral orc (D:10)
242 creatures vanquished.

Vanquished Creatures (others)
  4 fungi (D:2)
  3 plants (D:2)
7 creatures vanquished.

Grand Total: 249 creatures vanquished

Notes
Turn   | Place    | Note
-------+----------+-------------------------------------------
     0 | D:1      | freelancePsychic the Minotaur Conjurer began the quest for
                  | the Orb.
     0 | D:1      | Reached XP level 1. HP: 14/14 MP: 1/1
   129 | D:1      | Reached skill level 1 in Fighting
   173 | D:1      | Reached XP level 2. HP: 16/24 MP: 3/3
   760 | D:1      | Learned a level 2 spell: Searing Ray
   790 | D:2      | Reached XP level 3. HP: 23/31 MP: 0/4
   908 | D:2      | Reached skill level 1 in Long Blades
  1316 | D:2      | Reached skill level 2 in Long Blades
  1429 | D:2      | Found a runed translucent door.
  1430 | D:2      | Noticed Crazy Yiuf
  1638 | D:2      | Found a faded altar of an unknown god.
  1639 | D:2      | Reached XP level 4. HP: 38/40 MP: 0/5
  1654 | D:2      | Prayed at the altar of an unknown god.
  1654 | D:2      | Became a worshipper of Zin the Law-Giver
  1654 | D:2      | Reached * piety under Zin
  1763 | D:2      | Reached ** piety under Zin
  2320 | D:3      | Identified the +4 short sword "Jieterph" {freeze, rElec
                  | rPois rCorr Str+4}
  2411 | D:3      | Found a shadowy altar of Dithmenos.
  2544 | D:3      | Reached skill level 3 in Long Blades
  3095 | D:4      | Reached XP level 5. HP: 47/47 MP: 6/6
  3567 | D:4      | Reached skill level 5 in Fighting
  3567 | D:4      | Reached skill level 4 in Long Blades
  3617 | D:4      | Found a staircase to the Ecumenical Temple.
  3639 | Temple   | Entered the Ecumenical Temple
  3688 | Temple   | Fell from the grace of Zin
  3688 | Temple   | Became a worshipper of Elyvilon the Healer
  3688 | Temple   | Reached * piety under Elyvilon
  4006 | D:5      | Entered Level 5 of the Dungeon
  4047 | D:5      | Reached XP level 6. HP: 50/56 MP: 7/7
  4068 | D:5      | Reached skill level 1 in Invocations
  4235 | D:4      | Reached skill level 5 in Long Blades
  4385 | D:4      | Reached XP level 7. HP: 28/63 MP: 8/8
  4735 | D:5      | Reached skill level 6 in Long Blades
  5013 | D:5      | Reached XP level 8. HP: 20/73 MP: 9/9
  5236 | D:5      | Noticed Edmund
  5247 | D:5      | Killed Edmund
  5490 | D:5      | Reached skill level 7 in Long Blades
  5782 | D:6      | Noticed Maggie
  5792 | D:6      | Killed Maggie
  5804 | D:6      | Reached skill level 8 in Long Blades
  5941 | D:6      | Noticed Eustachio
  5955 | D:6      | Killed Eustachio
  6152 | D:6      | Reached skill level 9 in Long Blades
  6152 | D:6      | Reached XP level 9. HP: 21/82 MP: 2/11
  6366 | D:6      | Noticed Menkaure
  6371 | D:6      | Killed Menkaure
  6579 | D:6      | Found a burning altar of Makhleb.
  6634 | D:6      | Reached ** piety under Elyvilon
  6811 | D:6      | Found a hazy altar of Hepliaklqana.
  7221 | D:7      | Noticed Duvessa
  7221 | D:7      | Noticed Dowan
  7231 | D:7      | Pacified Dowan
  7231 | D:7      | Pacified Duvessa
  7276 | D:7      | Found a sparkling altar of Nemelex Xobeh.
  7292 | D:7      | Noticed a troll
  7297 | D:7      | Killed a troll
  7298 | D:7      | Reached skill level 10 in Long Blades
  7298 | D:7      | Reached skill level 5 in Dodging
  8057 | D:8      | Noticed a two-headed ogre
  8068 | D:8      | Killed a two-headed ogre
  8069 | D:8      | Reached skill level 11 in Long Blades
  8069 | D:8      | Reached skill level 5 in Invocations
  8101 | D:8      | Reached *** piety under Elyvilon
  8138 | D:8      | Identified the +1 pair of boots of Thoughtfulness {Str+2}
  8211 | D:8      | Reached XP level 10. HP: 88/92 MP: 12/12
  8454 | D:8      | Found an iron altar of Okawaru.
  8749 | D:9      | Reached skill level 10 in Fighting
  8801 | D:9      | Found a glowing golden altar of the Shining One.
  8904 | D:9      | Found an opulent altar of Gozag.
  8907 | D:9      | Reached **** piety under Elyvilon
  8911 | D:9      | Found a staircase to the Lair.
  9026 | D:9      | Reached skill level 12 in Long Blades
  9578 | D:9      | Found an ornate altar of the Wu Jian Council.
  9628 | D:10     | Entered Level 10 of the Dungeon
  9653 | D:10     | Found a basalt altar of Yredelemnul.
  9675 | D:10     | Noticed a two-headed ogre
  9702 | D:10     | Killed a two-headed ogre
  9703 | D:10     | Reached skill level 13 in Long Blades
  9752 | D:10     | Found a blossoming altar of Fedhas.
  9755 | D:10     | Noticed Harold
  9795 | D:10     | Killed Harold
  9796 | D:10     | Reached skill level 14 in Long Blades
  9830 | D:10     | Noticed a cyclops
  9860 | D:10     | Reached XP level 11. HP: 97/101 MP: 14/14
  9992 | D:10     | Found a shimmering altar of Xom.
 10012 | D:10     | Found a bloodstained altar of Trog.
 10073 | D:10     | Found a snail-covered altar of Cheibriados.
 10120 | D:10     | Noticed a two-headed ogre
 10131 | D:10     | Killed a two-headed ogre
 10156 | D:10     | Found a large runed translucent door.
 10157 | D:10     | Found a large runed translucent door.
 10584 | D:10     | Found a hide-covered altar of Uskayaw.
 10660 | D:10     | Found a glowing silver altar of Zin.
 10726 | D:10     | Identified the ring "Ugivo" {rC+ rCorr}
 11087 | D:11     | Reached ***** piety under Elyvilon
 11359 | D:10     | Reached skill level 1 in Armour
 12198 | D:12     | Noticed a two-headed ogre
 12469 | D:12     | Elyvilon protects you from harm!
 12585 | D:12     | Slain by a slime creature

Illustrated notes

Levels and vault maps discovered:
D:1:      lemuel_arrival_river_bridge, layout_rooms, reono_crystal_passage,
          nicolae_eternal_life
D:2:      layout_basic, shapermc_ecumenical_altar_rom_forum,
          uniq_crazy_yiuf_cottage
D:3:      layout_loops_ring, lemuel_doored_altar
D:4:      layout_basic, minmay_temple_entry_waves
D:5:      layout_gridville, minmay_misc_feat_roman,
          kennysheep_decorative_pillar, grunt_decor_one_mirror, uniq_edmund
D:6:      layout_loops_cross, old_standard_altar,
          nicolae_hepliaklqana_monster_ancestors, nrook_pool_corridor,
          uniq_eustachio, uniq_menkaure, uniq_maggie
D:7:      layout_cave_pods, kennysheep_mini_moat, solitary_fountain,
          minmay_microvault, uniq_duvessa
D:8:      layout_gridville, lemuel_round_altar
D:9:      layout_cross, mainiacjoe_overflow_catwalk,
          mainiacjoe_overflow_24_doors, nicolae_wu_jian_immortal_techniques,
          nrook_loot_triangle, hangedman_abyss_or_decor_clamps
D:10:     layout_long_grid, fedhas_altar_2, kennysheep_slug_shrine,
          yredelemnul_forgotten_temple_becter, led_xom_imps,
          trog_butcher_becter, jmf_multi_god_temple2, grunt_tough_drop,
          uniq_harold
D:11:     layout_roguey [special_room_orc]
D:12:     minmay_expanding_squares, layout_cave_pools, zombieorc2_lemuel,
          nicolae_two_hexagons
Temple:   corrupted_temple

Skill      XL: |  1  2  3  4  5  6  7  8  9 10 11 |
---------------+----------------------------------+-----
Fighting       | 2 3 4 5 6 7 8 9 10 12 | 12.0
Long Blades    | 2 3 4 5 6 9 11 14 | 14.0
Invocations    | 2 3 4 5 6 9 |  9.3
Dodging        | 4 5 7 |  7.0
Armour         | 2 |  2.9
Stealth        | |  1.5
Shields        | |  0.8
Spellcasting   | |  1.3
Conjurations   | |  2.9

Action                   |  1- 3 |  4- 6 |  7- 9 | 10-12 || total
-------------------------+-------+-------+-------+-------++-------
Melee: Whip              |    33 |       |       |       ||    33
       Headbutt          |    10 |    17 |    36 |    98 ||   161
       Short sword       |    45 |    94 |       |       ||   139
       Punch             |     1 |     1 |     1 |     8 ||    11
       Long sword        |       |    12 |   196 |   465 ||   673
Throw: Dart              |       |       |     4 |     1 ||     5
       Throwing net      |       |       |     3 |       ||     3
 Cast: Magic Dart        |     1 |       |       |       ||     1
       Searing Ray       |     7 |    16 |    11 |       ||    34
Invok: Purification      |       |       |     4 |       ||     4
       Heal Other        |       |       |     1 |     4 ||     5
       Heal Self         |       |       |       |     5 ||     5
Evoke: Wand              |       |       |    10 |     1 ||    11
  Use: Scroll            |     1 |     5 |     3 |     4 ||    13
       Potion            |       |       |     4 |       ||     4
 Stab: Sleeping          |     2 |     1 |       |     2 ||     5
       Held in net/web   |       |       |     1 |       ||     1
       Distracted        |       |       |       |     1 ||     1
Armor: Robe              |    18 |     1 |       |       ||    19
       Leather armour    |       |    23 |       |       ||    23
       Ring mail         |       |     7 |    21 |       ||    28
       Steam dragon scal |       |       |    15 |       ||    15
       Troll leather arm |       |       |     7 |   122 ||   129
Dodge: Dodged            |    51 |    69 |   110 |   276 ||   506
Block: Kite shield       |       |       |       |     4 ||     4

Table legend: (Time is in decaauts)
 A = Elapsed time spent in this place.
 B = Non-inter-level travel time spent in this place.
 C = Inter-level travel time spent in this place.
 D = Time resting spent in this place.
 E = Time spent auto-exploring this place.
 F = Levels seen in this place.
 G = Mean time per level.
                   A        B        C        D        E       F      G
               +--------+--------+--------+--------+--------+-----+--------+
         Total |  12498 |  11910 |    588 |    561 |   9107 |  13 |  961.4 |
       Dungeon |  12433 |  11861 |    572 |    561 |   9077 |  12 | 1036.1 |
        Temple |     65 |     49 |     16 |      0 |     30 |   1 |   65.0 |
               +--------+--------+--------+--------+--------+-----+--------+

Top non-repeatable levels by time:
     D:5: 1394 daAuts
    D:10: 1360 daAuts
     D:2: 1304 daAuts
     D:4: 1196 daAuts
     D:6: 1177 daAuts
    D:11: 1157 daAuts
     D:7: 1067 daAuts
     D:3: 937 daAuts
     D:1: 880 daAuts
     D:9: 871 daAuts
     D:8: 727 daAuts
    D:12: 358 daAuts
  Temple: 65 daAuts
